 Dungeon Crawl Stone Soup version 0.20-a0-848-g73d9be0 (webtiles) character file.

12542 George the Fencer (level 11, -9/99 HPs)
             Began as a Minotaur Fighter on Mar 9, 2017.
             Was an Elder of Wu Jian.
             Mangled by an orc warrior
             ... wielding a +0 glaive
              (19 damage)
             ... in a bailey.
             The game lasted 00:24:06 (11317 turns).

George the Fencer (Minotaur Fighter)               Turns: 11317, Time: 00:24:07

Health: -9/99      AC: 15    Str: 23    XL:     11   Next: 63%
Magic:  10/10      EV: 13    Int:  5    God:    Wu Jian [****..]
Gold:   637        SH:  0    Dex: 11    Spells: 10/10 levels left

rFire    + . .     SeeInvis .   c - +3 falchion (flame)
rCold    . . .     Gourm    .   z - +0 fire dragon scales
rNeg     + . .     Faith    .   (no shield)
rPois    .         Spirit   .   l - +2 hat
rElec    .         Reflect  .   (no cloak)
rCorr    .         Harm     +   G - +0 pair of gloves
MR       .....                  (no boots)
Stlth    ..........             r - amulet of harm
Regen    0.3/turn               L - ring of ice
MPRegen  0.2/turn               k - ring of positive energy

@: no status effects
A: retaliatory headbutt, horns 2
a: Serpent's Lash, Renounce Religion


You were in a bailey.
You worshipped Wu Jian.
Wu Jian was greatly pleased with you.
You were not hungry.

You visited 2 branches of the dungeon, and saw 12 of its levels.
You also visited: Bailey.

You collected 637 gold pieces.

Inventory:

Hand Weapons
 c - a +3 falchion of flaming (weapon)
 K - a +0 arbalest
Missiles
 F - 158 bolts
Armour
 l - a +2 hat (worn)
 z - +0 fire dragon scales (worn)
 D - a +2 buckler of positive energy
 G - a +0 pair of gloves (worn)
Jewellery
 k - a ring of positive energy (left hand)
 r - an amulet of harm (around neck)
 L - a ring of ice (right hand)
Wands
 a - a wand of polymorph (7/24)
 A - a wand of iceblast (10/15)
 E - a wand of paralysis (8/24)
 I - a wand of lightning (10/15)
Scrolls
 b - a scroll of brand weapon
 g - 2 scrolls of identify
 h - 4 scrolls of remove curse
 m - a scroll of fear {unknown}
 n - 2 scrolls of enchant weapon {unknown}
 o - a scroll of blinking {unknown}
 p - a scroll of enchant armour {unknown}
 t - a scroll of amnesia {unknown}
 u - a scroll of recharging {unknown}
 v - a scroll of noise {unknown}
 w - 3 scrolls of teleportation {unknown}
 y - a scroll of immolation {unknown}
 M - a scroll of acquirement {unknown}
Potions
 d - 2 potions of might
 e - 4 potions of heal wounds
 q - a potion of magic
 s - a potion of haste
 x - a potion of cancellation
 B - a potion of ambrosia
 H - 2 potions of flight
 J - a potion of mutation
Comestibles
 f - 6 bread rations
 i - 4 meat rations
 j - 6 chunks of flesh
 C - 6 royal jellies


   Skills:
 + Level 9.7 Fighting
 + Level 15.1 Long Blades
 + Level 9.9 Armour
 + Level 8.0 Dodging
 - Level 5.3 Shields


You had 10 spell levels left.
You didn't know any spells.

Dungeon Overview and Level Annotations

Branches:
Dungeon (11/15)            Temple (1/1) D:5            Lair (0/6) D:8
    Orc (0/2) D:9

Altars:
Ashenzari
Cheibriados
Dithmenos
Elyvilon
Fedhas
Gozag
Hepliaklqana
Kikubaaqudgha
Makhleb
Nemelex Xobeh
Okawaru
Qazlal
Ru
Sif Muna
Trog
Uskayaw
Vehumet
Wu Jian
Xom
Yredelemnul
Zin
The Shining One

Shops:
D:5 (   D:6 (


Innate Abilities, Weirdness & Mutations

You reflexively headbutt those who attack you in melee.
You have a pair of horns on your head.


Message History

Your headbutt misses the orc knight.
The orc knight is moderately wounded.
The orc warrior hits you from afar with a halberd!
The orc warrior hits you from afar with a spear!
The orc knight hits you with a halberd! The orc warrior hits you with a glaive!
You spin and attack the orc knight.
You slash the orc knight! You burn the orc knight!
The orc knight seems to slow down as you strike a pressure point.
The orc knight is severely wounded.
The orc warrior hits you with a spear!
* * * LOW HITPOINT WARNING * * *
The orc warrior hits you from afar with a halberd.
* * * LOW HITPOINT WARNING * * *
There is an open door, spattered with blood here.
The orc knight hits you from afar with a halberd.
* * * LOW HITPOINT WARNING * * *
The orc warrior hits you from afar with a spear.
* * * LOW HITPOINT WARNING * * *
The orc warrior hits you from afar with a glaive!
You die...

..≈≈#.#≈≈.............
..≈##.##≈.............
..≈).^..≈.....).......
..≈##.##≈....)........
..≈≈#)#≈≈....#######..
...≈≈≈≈≈...))##....##
...........).##.....##
.............##'''#..##
.........##..##∩@∩##..#
......... #)####'####.#
......... #.'.#ooo#)'.#
......... #)###.8o###.#
......... #.'.#:.:#)'.#
....... #.#########.#
....... #..##.#.##..#
....... ##..#'#'#..##
...... ##...)...##
......


You could see an orc knight and 3 orc warriors.

Vanquished Creatures
  Fannar (D:10)
  2 two-headed ogres
  An unseen horror (D:10)
  Pikel (D:6)
  An ugly thing (D:11)
  Joseph (D:7)
  A centaur skeleton (D:10)
  The ghost of anet the Magician, a novice DEWz (D:5)
  3 trolls
  Grinder (D:5)
  2 hornets
  7 yaks (D:10)
  A hungry ghost (D:5)
  A human (D:8)
  Grum (D:11)
  4 hogs (D:8)
  2 ice beasts
  2 black bears (D:7)
  2 phantoms
  13 orc warriors
  4 slaves (D:6)
  An eye of draining (D:8)
  A sky beast (D:9)
  2 ogres
  3 wolves (D:11)
  2 necrophages
  A crocodile (D:8)
  A big kobold (D:10)
  6 bullfrogs
  2 wyvern zombies
  A scorpion (D:6)
  4 killer bees (D:8)
  5 wights (D:8)
  A howler monkey (D:5)
  A centaur zombie (D:8)
  7 crimson imps
  A quasit (D:8)
  3 hounds
  3 jellies
  3 orc priests
  9 orc wizards
  A bullfrog skeleton (D:8)
  An iguana (D:4)
  7 worker ants
  Terence (D:2)
  A hound zombie (D:6)
  A hound skeleton (D:8)
  A worker ant zombie (D:6)
  Robin (D:3)
  12 adders
  15 gnolls
  A howler monkey skeleton (D:6)
  2 shadow imps
  An ooze (D:1)
  4 adder zombies
  An adder skeleton (D:6)
  4 worms
  2 dart slugs (D:1)
  8 leopard geckos
  38 orcs
  12 bats
  24 goblins
  14 hobgoblins
  4 jackals (D:2)
  6 quokkas
  2 frilled lizards
  A jackal skeleton (D:4)
  A jackal zombie (D:6)
  17 kobolds
  A leopard gecko skeleton (D:4)
  A leopard gecko zombie (D:6)
  2 quokka zombies (D:6)
  9 rats
305 creatures vanquished.

Notes
Turn   | Place    | Note
-------+----------+-------------------------------------------
     0 | D:1      | George the Minotaur Fighter began the quest for the Orb.
     0 | D:1      | Reached XP level 1. HP: 19/19 MP: 0/0
    46 | D:1      | Reached skill level 3 in Long Blades
   130 | D:1      | Reached XP level 2. HP: 26/26 MP: 1/1
   214 | D:1      | Reached skill level 4 in Long Blades
   460 | D:1      | Reached XP level 3. HP: 31/31 MP: 2/2
   980 | D:2      | Reached skill level 5 in Long Blades
   991 | D:2      | Reached XP level 4. HP: 33/39 MP: 3/3
  1002 | D:2      | Found a hide-covered altar of Uskayaw.
  1186 | D:2      | Noticed Terence
  1198 | D:2      | Killed Terence
  1264 | D:2      | Found a bloodstained altar of Trog.
  1285 | D:2      | Reached skill level 6 in Long Blades
  1616 | D:2      | Reached XP level 5. HP: 45/45 MP: 4/4
  1730 | D:3      | Found a sacrificial altar of Ru.
  1928 | D:3      | Noticed Robin
  1936 | D:3      | Killed Robin
  1971 | D:3      | Reached skill level 7 in Long Blades
  2341 | D:4      | Noticed an ogre
  2350 | D:4      | Killed an ogre
  2350 | D:4      | Reached skill level 8 in Long Blades
  2350 | D:4      | Reached XP level 6. HP: 25/51 MP: 5/5
  2811 | D:4      | Found a bloodstained altar of Trog.
  2891 | D:4      | Found a snail-covered altar of Cheibriados.
  2919 | D:4      | Reached skill level 9 in Long Blades
  3045 | D:4      | Found an iron altar of Okawaru.
  3163 | D:5      | Entered Level 5 of the Dungeon
  3167 | D:5      | Reached XP level 7. HP: 57/57 MP: 6/6
  3169 | D:5      | You fall through a shaft for 3 floors!
  3169 | D:8      | Noticed a hornet
  3362 | D:6      | Reached skill level 10 in Long Blades
  4216 | D:5      | Noticed anet's ghost (novice DEWz)
  4347 | D:5      | Found a sparkling altar of Nemelex Xobeh.
  4453 | D:5      | Noticed Grinder
  4460 | D:5      | Killed Grinder
  4460 | D:5      | Reached skill level 11 in Long Blades
  4460 | D:5      | Reached XP level 8. HP: 57/64 MP: 7/7
  4726 | D:5      | Reached skill level 12 in Long Blades
  4869 | D:5      | Found Opaxzuziop's Antique Weapon Shop.
  4982 | D:5      | Found a staircase to the Ecumenical Temple.
  5032 | D:5      | Killed anet's ghost
  5653 | D:5      | Reached skill level 13 in Long Blades
  5659 | Temple   | Entered the Ecumenical Temple
  5864 | Temple   | Became a worshipper of the Wu Jian Council
  5946 | D:6      | Found Hujirph's Weapon Shoppe.
  6094 | D:6      | Noticed Pikel
  6141 | D:6      | Killed Pikel
  6141 | D:6      | Reached XP level 9. HP: 31/72 MP: 8/8
  6484 | D:7      | Noticed Joseph
  6493 | D:7      | Killed Joseph
  6671 | D:7      | Reached skill level 5 in Armour
  6674 | D:7      | Reached skill level 5 in Fighting
  6743 | D:7      | Reached skill level 5 in Shields
  6833 | D:7      | Reached * piety under Wu Jian
  7033 | D:7      | Found a deep blue altar of Sif Muna.
  7126 | D:8      | Paralysed by a hornet for 3 turns
  7521 | D:8      | Reached ** piety under Wu Jian
  7521 | D:8      | Reached XP level 10. HP: 38/83 MP: 9/9
  7539 | D:8      | Found a stormy altar of Qazlal.
  8139 | D:8      | Noticed a two-headed ogre
  8144 | D:8      | Killed a two-headed ogre
  8217 | D:8      | Got a jewelled leather armour
  8228 | D:8      | Identified the +3 leather armour of the Other World {Str+4 Dex+9 Slay-3} (You found it on level 8 of the Dungeon)
  8296 | D:8      | Reached skill level 14 in Long Blades
  8296 | D:8      | Reached skill level 5 in Dodging
  8375 | D:8      | Found a staircase to the Lair.
  8504 | D:9      | Found a shattered altar of Ashenzari.
  8669 | D:9      | Found an iron altar of Okawaru.
  8723 | D:9      | Reached *** piety under Wu Jian
  8745 | D:9      | Found a staircase to the Orcish Mines.
  8866 | D:10     | Entered Level 10 of the Dungeon
  9005 | D:10     | Reached XP level 11. HP: 69/94 MP: 10/10
  9291 | D:10     | Got a smoking leather armour
  9302 | D:10     | Identified the +1 leather armour "Tilusoucw" {rElec Str+3} (You found it on level 10 of the Dungeon)
  9320 | D:10     | Noticed Fannar
  9529 | D:10     | HP: 1/94 [Fannar/Ozocubu's Refrigeration (21)]
  9532 | D:10     | Killed Fannar
  9989 | D:10     | Noticed a two-headed ogre
  9994 | D:10     | Killed a two-headed ogre
 10295 | D:10     | Killed an unseen horror
 10520 | D:11     | Noticed Grum
 10534 | D:11     | Killed Grum
 10602 | D:11     | Reached **** piety under Wu Jian
 10612 | D:11     | Found a flagged portal.
 10616 | D:11     | Noticed a purple ugly thing
 10621 | D:11     | Killed a purple ugly thing
 10621 | D:11     | Reached skill level 15 in Long Blades
 10660 | Bailey   | Entered a bailey
 11313 | Bailey   | Noticed an orc knight
 11317 | Bailey   | Mangled by an orc warrior

Vault maps used:
D:1:      nicolae_arrival_washed_ashore
D:2:      cheibrodos_greedy_goblins, lemuel_round_altar, trog_hazing_becter,
          uniq_terence
D:3:      nicolae_ru_sacrificial_ziggurat, uniq_robin
D:4:      lemuel_crystal_altar, nicolae_overflow_crystal_walls,
          kennysheep_okawaru_gauntlet
D:5:      nemelex_xobeh_ov_fountains_minmay, minmay_temple_entry_from_below_a,
          first_bread, serial_shops, nicolae_shop_trees, uniq_grinder
D:6:      serial_shops, nicolae_shop_waterfront, serial_undead, serial_undead_f,
          serial_undead_e, serial_undead_d, serial_undead_d, uniq_pikel
D:7:      kennysheep_orc_sif_temple, serial_curves, eino_curves_02,
          eino_curves_04, uniq_joseph
D:8:      grunt_qazlal_clouds, lair_entry_dummy, grunt_livestock
D:9:      lemuel_doored_altar, basic_altar
D:10:     uniq_fannar
D:11:     enter_bailey_2, uniq_grum
Temple:   regret_index_temple_generic_petals
Bailey:   bailey_polearm_2, bailey

Skill      XL: |  1  2  3  4  5  6  7  8  9 10 11 |
---------------+----------------------------------+-----
Long Blades    | 3 4 5 6 8 9 11 13 14 15 | 15.1
Fighting       | 4 6 8 9 |  9.7
Armour         | 4 6 8 9 |  9.9
Dodging        | 2 4 6 8 |  8.0
Shields        | 4 5 |  5.3

Action                   |  1- 3 |  4- 6 |  7- 9 | 10-12 || total
-------------------------+-------+-------+-------+-------++-------
Melee: Long sword        |    83 |   213 |   338 |    14 ||   648
       Headbutt          |     9 |    33 |    45 |    64 ||   151
       Falchion          |       |       |       |   368 ||   368
 Fire: Arbalest          |       |       |       |    12 ||    12
  Use: Scroll            |       |       |     8 |     6 ||    14
       Potion            |       |       |     1 |     1 ||     2
  Eat: Chunk             |       |     7 |     6 |    12 ||    25
       Fruit             |       |       |     2 |     1 ||     3
       Bread ration      |       |       |     3 |       ||     3
Armor: Scale mail        |    37 |    76 |       |       ||   113
       Chain mail        |       |    10 |    56 |       ||    66
       Fire dragon scale |       |       |    72 |    70 ||   142
Dodge: Dodged            |    35 |    57 |    68 |   118 ||   278
Block: Shield            |    40 |   118 |    89 |       ||   247
       Buckler           |       |       |    21 |    52 ||    73
       Rpst.: Long sword |    10 |     9 |    18 |     2 ||    39
       Falchion          |       |       |       |    20 ||    20
